 Dungeon Crawl Stone Soup version 0.25-a0-510-ge065f6de7d (webtiles) character file.

Game seed: 14755317012937589971, levelgen mode: deterministic

763 Kohma the Chiller (level 7, -6/50 HPs)
             Began as a Red Draconian Ice Elementalist on Feb 15, 2020.
             Was an Initiate of Nemelex Xobeh.
             Killed by nerve-wracking pain
             ... invoked by an orc priest
              (10 damage)
             ... on level 3 of the Dungeon.
             The game lasted 00:09:38 (4116 turns).

Kohma the Chiller (Red Draconian Ice Elementalist)  Turns: 4116, Time: 00:09:38

Health: -6/50      AC:  6    Str: 11    XL:     7   Next: 51%
Magic:  8/12       EV: 12    Int: 17    God:    Nemelex Xobeh [......]
Gold:   172        SH:  0    Dex: 11    Spells: 5/13 levels left

rFire    + . .     SeeInvis .   j - +0 dagger (venom)
rCold    . . .     Gourm    .   (no shield)
rNeg     . . .     Faith    .   (armour unavailable)
rPois    .         Spirit   .   (helmet restricted)
rElec    .         Reflect  .   (no cloak)
rCorr    .         Harm     .   (no gloves)
MR       .....                  (no boots)
Stlth    ++........             (no amulet)
HPRegen  0.16/turn              (no ring)
MPRegen  0.13/turn              (no ring)

@: frozen ramparts, lightly drained
A: breathe fire, unfitting armour, fire resistance 1, cold-blooded, AC +6
a: Breathe Fire, Draw Escape, Draw Destruction, Draw Summoning, Renounce
Religion


You were on level 3 of the Dungeon.
You worshipped Nemelex Xobeh.
Nemelex Xobeh was noncommittal.
You were not hungry.

You visited 1 branch of the dungeon, and saw 3 of its levels.
You also visited: Sewer.

You collected 172 gold pieces.

Inventory:

Hand Weapons
 c - a +1 short sword of flaming
 d - a +0 short sword of speed
 j - a +0 dagger of venom (weapon)
 o - a +0 falchion
 r - a +1 dagger of electrocution
Missiles
 h - 22 poisoned darts (quivered)
Armour
 g - a +0 buckler
Wands
 k - a wand of iceblast (5)
Scrolls
 a - 4 scrolls of teleportation {unknown}
 e - 2 scrolls of magic mapping {unknown}
 f - 3 scrolls of identify {unknown}
 i - 4 scrolls of remove curse {unknown}
 m - a scroll of immolation {unknown}
 q - a scroll of amnesia {unknown}
Potions
 l - a potion of invisibility {unknown}
 p - a potion of curing
 s - a potion of mutation {unknown}
Comestibles
 b - 5 rations
 n - 4 chunks of flesh


   Skills:
 - Level 1.7(1.3) Dodging
 - Level 1.7(1.3) Stealth
 - Level 4.0(3.6) Shields
 + Level 3.9(3.4) Spellcasting
 + Level 2.5(2.0) Summonings
 * Level 5.6(5.1) Ice Magic


You had 5 spell levels left.
You knew the following spells:

 Your Spells              Type           Power        Failure   Level  Hunger
a - Freeze                Ice            ###.         1%          1    None
b - Frozen Ramparts       Ice            ###...       6%          3    ###....
c - Summon Ice Beast      Ice/Summ       ###.....     36%         4    ####...

Your spell library contained the following spells:

 Spells                   Type           Power        Failure   Level  Hunger
 Ozocubu's Armour         Chrm/Ice       ##......     19%         3    ###....
 Hailstorm                Conj/Ice       ##......     52%         4    ####...


Dungeon Overview and Level Annotations

Branches:
Dungeon (3/15)              Sewer (visited)

Altars:
Ashenzari
Nemelex Xobeh


Innate Abilities, Weirdness & Mutations

You can breathe blasts of fire.
Your fiery red scales are hard. (AC +6)
You cannot fit into any form of body armour.
Your flesh is heat resistant. (rF+)
You are cold-blooded and may be slowed by cold attacks.


Message History

The orc priest is lightly wounded.
The orc priest mumbles some strange prayers to Beogh against you.
You struggle to resist.
Casting: Frozen Ramparts (safe; 6% risk of failure)
Confirm with . or Enter, or press ? or * to list all spells.
The walls around you are covered in icicles.
The walls release a blast of icicles at the orc priest!
The orc priest invokes the aid of Beogh against you.
Beogh smites you!
* * * LOW HITPOINT WARNING * * *
The walls release a blast of icicles at the orc!
You kill the orc!
The walls release a blast of icicles at the orc priest!
The walls release a blast of icicles at the orc priest!
The orc priest is encased in ice.
The walls release a blast of icicles at the orc priest!
The orc priest invokes the aid of Beogh against you.
Pain shoots through your body!
You die...
Your body disappears without a glow.

#.# #.##...# #.#
####....### #.#
#.......... #.#
#....###### #.#
#..#....... #.#
#..#..##### #.#
#..#.......
#.########..##'#####
#..@..o.[)......# #
#########.......####
................'...
########........####
#........#
#........# #
#.####.### ##
####...#..#####.
#......#........


You could see an orc priest.

Vanquished Creatures
  Sigmund (D:2)
  4 big kobolds (Sewer)
  Natasha (thrice) (D:2)
  A worker ant (D:3)
  7 adders
  4 river rats
  4 oozes
  7 worms
  2 dart slugs
  A leopard gecko (D:3)
  9 orcs (D:3)
  4 giant cockroaches
  7 goblins
  2 hobgoblins (D:1)
  10 jackals
  A quokka (D:2)
  8 ball pythons
  9 bats
  5 frilled lizards
  9 kobolds
  13 rats
111 creatures vanquished.

Notes
Turn   | Place    | Note
-------+----------+-------------------------------------------
     0 | D:1      | Kohma the Draconian Ice Elementalist began the quest for
                  | the Orb.
     0 | D:1      | Reached XP level 1. HP: 14/14 MP: 3/3
   165 | D:1      | Reached XP level 2. HP: 20/20 MP: 3/5
  1030 | D:2      | Reached XP level 3. HP: 15/26 MP: 3/6
  1533 | D:2      | Reached skill level 1 in Shields
  1545 | D:2      | Found a shattered altar of Ashenzari.
  1624 | D:2      | Found a sparkling altar of Nemelex Xobeh.
  1642 | D:2      | Noticed Natasha
  1648 | D:2      | Killed Natasha
  1648 | D:2      | Reached skill level 5 in Ice Magic
  1648 | D:2      | Reached XP level 4. HP: 26/33 MP: 2/8
  1865 | D:2      | Noticed Sigmund
  1946 | D:2      | Noticed Natasha
  1953 | D:2      | Killed Natasha
  2160 | D:2      | Noticed Natasha
  2172 | D:2      | Killed Natasha
  2172 | D:2      | Reached XP level 5. HP: 23/38 MP: 9/9
  2294 | D:2      | Learned a level 3 spell: Frozen Ramparts
  2299 | D:2      | Learned a level 4 spell: Summon Ice Beast
  2365 | D:2      | Killed Sigmund
  2365 | D:2      | Reached skill level 1 in Summonings
  2365 | D:2      | Reached XP level 6. HP: 22/45 MP: 3/10
  2819 | D:2      | Became a worshipper of Nemelex Xobeh the Trickster
  2917 | D:3      | Found a glowing drain.
  2918 | D:3      | Received a gift from Nemelex Xobeh
  2975 | Sewer    | Entered a sewer
  3136 | Sewer    | Reached skill level 6 in Ice Magic
  3216 | Sewer    | Your scales start taking on a fiery red colour.
  3216 | Sewer    | Reduced skill Ice Magic to level 5
  3216 | Sewer    | Reached XP level 7. HP: 50/50 MP: 8/12
  3216 | Sewer    | Gained mutation: Your flesh is heat resistant. (rF+) [Red
                  | Draconian growth]
  4116 | D:3      | Killed from afar by an orc priest

Levels and vault maps discovered:
D:1:      dpeg_arrival_windows_large_door, layout_basic, minivault_23
D:2:      layout_loops_ring, nemelex_xobeh_ov_fountains_minmay,
          lemuel_coloured_pillars_altar, serial_glass, glass_columns_a,
          glass_columns_a, item_on_display_a, due_unseen_surprise,
          feat_on_display, item_on_display_a, uniq_natasha, uniq_sigmund
D:3:      layout_basic, portal_sewer_entry_a, serial_rivers,
          chequers_serial_rivers_marsh, chequers_serial_rivers_small_b,
          chequers_serial_rivers_small_3, chequers_serial_rivers_micro_a

Skill      XL: |  1  2  3  4  5  6  7 |
---------------+----------------------+-----
Shields        | 1 2 3 4 |  4.0
Ice Magic      | 5 5 |  5.6
Spellcasting   | 3 |  3.9
Summonings     | 1 2 |  2.5
Dodging        | |  1.7
Stealth        | |  1.7

Action                   |  1- 3 |  4- 6 |  7- 9 || total
-------------------------+-------+-------+-------++-------
Melee: Club              |    19 |       |       ||    19
       Tailslap          |     5 |     4 |     4 ||    13
       Short sword       |    15 |     3 |       ||    18
       Dagger            |       |    42 |    67 ||   109
 Cast: Freeze            |    27 |    28 |     3 ||    58
       Frozen Ramparts   |       |    14 |    19 ||    33
 Stab: Sleeping          |     4 |       |       ||     4
  Eat: Chunk             |     2 |     7 |     5 ||    14
Armor: Skin              |    17 |    18 |    18 ||    53
Dodge: Dodged            |    36 |    38 |    46 ||   120

Table legend:
 A = Non-vault XP
 B = Vault XP
 C = Vault XP percentage of total XP
 D = Non-vault monster count
 E = Vault monster count
 F = Vault count percentage of total count
                 A         B        C        D         E       F
            +---------+---------+-------+---------+---------+-------
      Total |     312 |     779 |  71.4 |      73 |      38 |  34.2
            +---------+---------+-------+---------+---------+-------
        D:1 |      35 |       0 |   0.0 |      21 |       0 |   0.0
        D:2 |     158 |     249 |  61.2 |      20 |       2 |   9.1
        D:3 |     119 |      34 |  22.2 |      32 |       8 |  20.0
      Sewer |       0 |     496 | 100.0 |       0 |      28 | 100.0
            +---------+---------+-------+---------+---------+-------
